 Dungeon Crawl Stone Soup version 0.28.0-53-g5a82cb258f (console) character file.

Game seed: 17194902595256688952

66 erker the Sneak (level 4, -2/27 HPs)
             Began as an Octopode Earth Elementalist on July 24, 2022.
             Slain by a gnoll
             ... wielding a +0 halberd
              (15 damage)
             ... on level 3 of the Dungeon.
             The game lasted 00:03:09 (2245 turns).

erker the Sneak (Octopode Earth Elementalist)       Turns: 2245, Time: 00:03:10

Health: -2/27      AC:  1    Str:  7    XL:     4   Next: 15%
Magic:  4/7        EV: 13    Int: 19    God:
Gold:   80         SH:  0    Dex: 12    Spells: 4/7 levels left

rFire   . . .      SeeInvis .   a - +0 short sword
rCold   . . .      Faith    .   (no shield)
rNeg    . . .      Spirit   .   (helmet restricted)
rPois   .          Reflect  .   (no amulet)
rElec   .          Harm     .   (no ring)
rCorr   .          Rampage  .   (no ring)
Will    .....                   (no ring)
Stlth   +++.......              (no ring)
HPRegen 0.09/turn               (no ring)
MPRegen 0.10/turn               (no ring)
                                (no ring)
                                (no ring)

@: no status effects
A: almost no armour, amphibious, 8 rings, camouflage 1, gelatinous body 1,
(nimble swimmer 1), tentacles
a: no special abilities


You were on level 3 of the Dungeon.
You visited 1 branch of the dungeon, and saw 3 of its levels.

You collected 80 gold pieces.

Inventory:

Hand Weapons
 a - a +0 short sword (weapon)
 d - a +0 dagger
Missiles
 b - 67 stones
Jewellery
 h - an amulet of guardian spirit
Scrolls
 e - a scroll of identify {unknown}
 f - a scroll of holy word {unknown}
Potions
 c - a potion of magic {unknown}
 g - a potion of mutation {unknown}
 i - a potion of heal wounds {unknown}


   Skills:
 - Level 2.0 Short Blades
 - Level 2.0 Dodging
 - Level 4.0 Stealth
 - Level 2.0 Spellcasting
 - Level 1.0 Transmutations
 + Level 3.8 Earth Magic


You had 4 spell levels left.
You knew the following spells:

 Your Spells              Type           Power      Damage    Failure   Level
a - Sandblast             Erth           32%        2d9       3%          1
w - Passwall              Tmut/Erth      9%         N/A       10%         2

Your spell library contained the following spells:

 Spells                   Type           Power      Damage    Failure   Level
 Stone Arrow              Conj/Erth      18%        3d8       24%         3
 Petrify                  Tmut/Erth      11%        N/A       54%         4


Dungeon Overview and Level Annotations

Branches:
Dungeon (3/15)

Altars:


Innate Abilities, Weirdness & Mutations

You cannot wear most types of armour.
You are amphibious.
You can wear up to eight rings at the same time.
Your skin changes colour to match your surroundings (Stealth+).
Your rubbery body absorbs attacks. (AC +1, EV +1)
((You are camouflaged when in or above water. (Stealth+)))
You have tentacles for arms and can constrict up to eight enemies at once.


Message History

Casting: Sandblast (safe; 3% risk of failure)
Confirm with . or Enter, or press ? or * to list all spells.
Aiming: Sandblast (safe; 3% risk of failure)
Press: ? - help, Shift-Dir - straight line, f - gnoll
Aim: a gnoll, wielding a +0 whip (asleep, 100% to hit)
The blast of sand hits the gnoll!
The gnoll is heavily wounded.
The gnoll shouts! x2
Casting: Sandblast (safe; 3% risk of failure)
Confirm with . or Enter, or press ? or * to list all spells.
Aiming: Sandblast (safe; 3% risk of failure)
Press: ? - help, Shift-Dir - straight line, f/p - gnoll
Aim: a gnoll, wielding a +0 whip (heavily wounded, 82% to hit)
The blast of sand misses the gnoll.
Casting: Sandblast (safe; 3% risk of failure)
Confirm with . or Enter, or press ? or * to list all spells.
Aiming: Sandblast (safe; 3% risk of failure)
Press: ? - help, Shift-Dir - straight line, f/p - gnoll
Aim: a gnoll, wielding a +0 whip (heavily wounded, 82% to hit)
The blast of sand hits the gnoll.
The gnoll is almost dead.
The gnoll hits you with a +0 whip!
You hit the gnoll. Your grab misses the gnoll.
The gnoll is almost dead.
The gnoll hits you with a +0 whip.
Casting: Sandblast (safe; 3% risk of failure)
Confirm with . or Enter, or press ? or * to list all spells.
Aiming: Sandblast (safe; 3% risk of failure)
Press: ? - help, Shift-Dir - straight line, f/p - gnoll
Aim: a gnoll, wielding a +0 whip (almost dead, 82% to hit)
The blast of sand hits the gnoll.
You kill the gnoll!
You have reached level 4!
Unknown command.
Unknown command.
Unknown command.
Unknown command.
The gnoll hits you from afar with a +0 halberd!
Ouch! That really hurt!
You die...

...........>...#.##
........#.####.#.##
##.#######.# #.#... ...#
###.####.#..# #####..#
#............ .......#
#.#......#...
##...####.#......#..#
#....................
#...@####............
.###....####.#.##.#.....
.......g...#.#.##.#....#
........##.#.#.##.#....#
.####...##.#.#.##.#....#
#....#.#.#.........#
#..........##.#...##
#....#.#.#.##.#...#♣
...[..................


You could see a gnoll.

Vanquished Creatures
  A gnoll (D:3)
  3 adders (D:2)
  A worm (D:2)
  4 endoplasms
  3 goblins
  A hobgoblin (D:1)
  A quokka (D:1)
  4 ball pythons
  3 frilled lizards
  3 kobolds (D:1)
  3 rats
27 creatures vanquished.

Notes
Turn   | Place    | Note
-------+----------+-------------------------------------------
     0 | D:1      | erker the Octopode Earth Elementalist began the quest for
                  | the Orb.
     0 | D:1      | Reached XP level 1. HP: 11/11 MP: 3/3
   156 | D:1      | Reached skill level 3 in Stealth
   349 | D:1      | Reached XP level 2. HP: 17/17 MP: 1/5
   354 | D:1      | Learned a level 2 spell: Passwall
   367 | D:1      | Reached skill level 1 in Short Blades
  1152 | D:2      | Reached skill level 4 in Stealth
  1198 | D:2      | Reached XP level 3. HP: 21/21 MP: 4/6
  2223 | D:3      | Reached XP level 4. HP: 11/27 MP: 2/7
  2245 | D:3      | Slain by a gnoll

Illustrated notes

Levels and vault maps discovered:
D:1:      grunt_arrival_crossed_arrows, layout_basic
D:2:      layout_basic, kennysheep_path_1, nicolae_elevator_lobby_plus
D:3:      layout_basic, pf_guarded_unrand_woodcutter

Skill      XL: |  1  2  3 |
---------------+----------+-----
Stealth        | 3 4 |  4.0
Short Blades   | 1 2 |  2.0
Dodging        | |  2.0
Spellcasting   | |  2.0
Transmutations | |  1.0
Earth Magic    | |  3.8

Action                   |  1- 3 |  4- 6 || total
-------------------------+-------+-------++-------
Melee: Short sword       |    26 |       ||    26
       Constrict         |     8 |       ||     8
       Tentacles         |     5 |       ||     5
       Punch             |     1 |       ||     1
 Cast: Sandblast         |    21 |       ||    21
 Stab: Sleeping          |     3 |       ||     3
Dodge: Dodged            |    11 |       ||    11
